 Dungeon Crawl Stone Soup version 0.19-a0-1498-g0b85ae9 (console) character file.

281 vible the Slasher (level 6, -4/39 HPs)
             Began as a High Elf Skald on Sept 10, 2016.
             Slain by a big kobold
             ... wielding a +0 short sword
              (7 damage)
             ... on level 3 of the Dungeon.
             The game lasted 00:10:12 (2872 turns).

vible the Slasher (High Elf Skald)                  Turns: 2872, Time: 00:10:13

Health: -4/39      AC:  4    Str: 11    XL:     6   Next: 6%
Magic:  7/12       EV: 11    Int: 19    God:
Gold:   129        SH:  0    Dex: 17    Spells: 4 memorised, 3 levels left

rFire  . . .     SeeInvis .     a - +0 falchion
rCold  . . .     Gourm    .     b - +1 leather armour
rNeg   . . .     Faith    .     (no shield)
rPois  .         Spirit   .     (no helmet)
rElec  .         Dismiss  .     (no cloak)
rCorr  .         Reflect  .     (no gloves)
MR     .....     Harm     .     (no boots)
Stlth  +.........               (no amulet)
                                (no ring)
                                I - +3 ring of intelligence

@: regenerating
A: no striking features
a: no special abilities


You were on level 3 of the Dungeon.
You were hungry.

You visited 1 branch of the dungeon, and saw 3 of its levels.

You collected 129 gold pieces.


   Skills:
 - Level 2.0 Fighting
 * Level 5.5 Long Blades
 - Level 0.8 Armour
 - Level 1.1 Dodging
 + Level 3.7 Spellcasting
 - Level 1.0 Hexes
 + Level 5.1 Charms
 + Level 0.5 Necromancy


You had 3 spell levels left.
You knew the following spells:

 Your Spells              Type           Power        Failure   Level  Hunger
e - Regeneration          Chrm/Necr      ##........   21%         3    ###....
o - Infusion              Chrm           ###.         1%          1    None
u - Shroud of Golubria    Chrm/Tloc      ##........   12%         2    ##.....
w - Spectral Weapon       Hex/Chrm       ###.....     17%         3    ###....

Inventory:

Hand Weapons
 a - a +0 falchion (weapon)
Armour
 b - a +1 leather armour (worn)
Jewellery
 I - a +3 ring of intelligence (left hand)
Wands
 p - a wand of iceblast (6/15)
Scrolls
 g - a scroll of immolation {unknown}
 h - 3 scrolls of remove curse {@r2}
 k - a scroll of enchant armour
 r - a scroll of enchant weapon {unknown}
Potions
 e - 3 potions of haste {@q3}
 i - 2 potions of curing {unknown}
 j - a potion of cancellation
 n - 2 potions of brilliance {unknown}
 o - a potion of might
 q - 2 potions of agility {unknown}
Books
 c - a book of Battle

   Spells                             Type                      Level
   a - Infusion                       Charms                       1
   b - Shroud of Golubria             Charms/Translocation         2
   c - Song of Slaying                Charms                       2
   d - Spectral Weapon                Hexes/Charms                 3
   e - Regeneration                   Charms/Necromancy            3
Comestibles
 d - 2 bread rations {@e1}
 f - 8 chunks of flesh
 l - a beef jerky {@e2}
 m - a meat ration {@e1}

▒▒▒▒▒▒ ▒▒▒▒▒▒▒▒▒▒▒▒▒
▒....▒ ......▒.....▒▒
▒....▒ ...K..'......▒▒
▒▒....▒▒▒▒▒▒▒▒▒).(....▒
▒......▒......{K......▒
+......'......@K......+
▒......▒..............▒
▒▒....▒▒▒▒▒▒▒▒▒.......▒
▒..(.▒ +......▒▒ ▒..).▒
▒.....▒▒
▒▒▒▒▒'(▒▒▒▒▒▒▒▒▒▒▒▒▒▒▒▒▒▒
≈≈≈≈.....≈≈≈≈≈≈≈≈≈≈≈≈≈≈≈≈
≈≈≈.....≈≈≈≈≈≈≈≈≈≈≈≈≈≈≈≈≈
≈≈≈≈....≈≈≈≈≈≈≈≈≈≈≈≈≈≈≈≈≈


You could see a big kobold, a kobold and a friendly spectral falchion.


Message History

The big kobold barely misses you.
You hit the big kobold.
The big kobold is moderately wounded.
Your spectral weapon barely misses the big kobold.
The kobold misses you. The kobold barely misses you.
You riposte.
You barely miss the kobold. The big kobold barely misses you.
You riposte.
You hit the big kobold.
The big kobold is moderately wounded.
You closely miss the big kobold.
The big kobold is moderately wounded.
Your spectral weapon closely misses the big kobold.
The kobold hits you with a club. The kobold hits you.
The big kobold hits you with a short sword.
Unknown command.
Casting: Spectral Weapon
Confirm with . or Enter, or press ? or * to list all spells.
Your skin crawls.
The kobold closely misses you.
You riposte.
You hit the kobold.
You kill the kobold!
The kobold hits you with a club. The big kobold completely misses you.
Unknown command.
You hit the big kobold.
The big kobold is heavily wounded.
Your spectral weapon barely misses the big kobold.
The kobold misses you.
You riposte.
You closely miss the kobold.
The big kobold hits you with a short sword!
* * * LOW HITPOINT WARNING * * *
Unknown command.
The big kobold hits you with a short sword!
You die...

Action                   |  1- 3 |  4- 6 || total
-------------------------+-------+-------++-------
Melee: Falchion          |   123 |   118 ||   241
 Cast: Shroud of Golubri |     3 |     1 ||     4
       Infusion          |     1 |       ||     1
       Spectral Weapon   |     1 |    11 ||    12
       Regeneration      |       |     3 ||     3
  Use: Scroll            |       |     5 ||     5
 Stab: Distracted        |       |     1 ||     1
  Eat: Chunk             |     3 |     5 ||     8
Armor: Leather armour    |    23 |    16 ||    39
Dodge: Dodged            |    66 |    70 ||   136

Vault maps used:
D:1:      scummos_arrival_forest, minmay_misc_feat_five, minmay_tromino_v2
D:2:      nicolae_qazlal_style_of_elements, grunt_ministairs_2, uniq_terence
D:3:      minmay_goblin_kobold_castle, first_bread, okawaru_ov_weapons_minmay

Notes
Turn   | Place    | Note
-------+----------+-------------------------------------------
     0 | D:1      | vible the High Elf Skald began the quest for the Orb.
     0 | D:1      | Reached XP level 1. HP: 14/14 MP: 4/4
   125 | D:1      | Reached XP level 2. HP: 11/19 MP: 6/6
   262 | D:1      | Learned a level 2 spell: Shroud of Golubria
   286 | D:1      | Reached skill level 3 in Long Blades
   826 | D:1      | Reached XP level 3. HP: 20/24 MP: 1/7
   895 | D:1      | Reached skill level 4 in Charms
  1059 | D:1      | Learned a level 3 spell: Spectral Weapon
  1308 | D:1      | Reached skill level 4 in Long Blades
  1549 | D:2      | Noticed Terence
  1564 | D:2      | Killed Terence
  1781 | D:2      | Reached XP level 4. HP: 29/29 MP: 5/9
  1939 | D:2      | Reached skill level 3 in Spellcasting
  2061 | D:2      | Noticed an air elemental
  2063 | D:2      | Found a stormy altar of Qazlal.
  2064 | D:2      | Noticed a fire elemental
  2064 | D:2      | Noticed an earth elemental
  2064 | D:2      | Noticed a water elemental
  2571 | D:3      | Noticed an ogre
  2579 | D:3      | Killed an ogre
  2579 | D:3      | Reached skill level 5 in Long Blades
  2579 | D:3      | Reached skill level 1 in Hexes
  2579 | D:3      | Reached XP level 5. HP: 33/34 MP: 1/11
  2596 | D:3      | Learned a level 3 spell: Regeneration
  2753 | D:3      | Found an iron altar of Okawaru.
  2776 | D:3      | Reached skill level 5 in Charms
  2866 | D:3      | Reached XP level 6. HP: 19/39 MP: 9/12
  2870 | D:3      | HP: 1/39 [big kobold/short sword (10)]
  2872 | D:3      | Slain by a big kobold

Vanquished Creatures
  An ogre (D:3)
  A big kobold (D:3)
  Terence (D:2)
  2 adders (D:3)
  5 worms
  2 dart slugs (D:1)
  3 giant geckos
  A ball python (D:3)
  4 giant cockroaches (D:1)
  9 goblins
  7 hobgoblins
  4 jackals (D:1)
  7 bats
  6 giant newts
  11 kobolds
  5 rats
69 creatures vanquished.
